 Dungeon Crawl Stone Soup version 0.31.0 (webtiles) character file.

Game seed: 4239127517195039632

75122 qw the Marksgargoyle (level 15, -24/98 HPs)
             Began as a Gargoyle Hunter on Jan 19, 2024.
             Was a High Priest of Okawaru.
             Annihilated by a very large slime creature (43 damage)
             ... on level 14 of the Dungeon.
             The game lasted 00:02:45 (17903 turns).

qw the Marksgargoyle (Gargoyle Hunter)             Turns: 17903, Time: 00:02:46

Health: -24/98     AC: 21    Str: 14    XL:     15   Next: 49%
Magic:  22/22      EV: 25    Int: 14    God:    Okawaru [*****.]
Gold:   1127       SH:  5    Dex: 28    Spells: 14/14 levels left

rFire   + . .        q - +1 longbow
rCold   . . .        (shield currently unavailable)
rNeg    + + .        l - +2 leather armour {rF+}
rPois   inf          j - +0 helmet
rElec   +            x - scarf of Compassion {+Inv, rN+ Int+2 Dex+3}
rCorr   .            u - +1 pair of gloves
SInv    .            o - +0 pair of boots
Will    +....        h - amulet of reflection
Stlth   ++           k - +5 ring of evasion
HPRegen 0.36/turn    a - +6 ring of dexterity
MPRegen 0.18/turn

%: reflection
@: flying
A: sickness immunity, AC +11, big wings, negative energy resistance 1,
electricity resistance, torment resistance 1, petrification resistance
a: Renounce Religion, Evoke Invisibility, Heroism, Finesse, Duel


You were on level 14 of the Dungeon.
You worshipped Okawaru.
Okawaru was extremely pleased with you.
You visited 3 branches of the dungeon, and saw 20 of its levels.

You collected 1559 gold pieces.
You spent 432 gold pieces at shops.


Innate Abilities, Weirdness & Mutations

You are immune to sickness and miasma.
Your stone body is resilient. (AC +11)
You are immune to poison.
Your large and strong wings let you fly.
You resist negative energy. (rN+)
You are resistant to electric shocks. (rElec)
You are resistant to unholy torment.
You are immune to petrification.


   Skills:
 - Level 13.1 Fighting
 + Level 19.8 Ranged Weapons
 - Level 5.2 Armour
 - Level 9.1 Dodging
 - Level 1.1 Stealth
 - Level 10.0 Invocations


You had 14 spell levels left.
You didn't know any spells.
Your spell library was empty.

Inventory:

Hand Weapons
 q - a +1 longbow (weapon)
Armour
 j - a +0 helmet (worn)
 l - a +2 leather armour of fire resistance (worn)
 n - a +0 troll leather armour
 o - a +0 pair of boots (worn)
 u - a +1 pair of gloves (worn)
 x - the scarf of Compassion (worn) {+Inv, rN+ Int+2 Dex+3}
   (Okawaru gifted it to you on level 4 of the Lair of Beasts)

   Int+2:     It affects your intelligence (+2).
   Dex+3:     It affects your dexterity (+3).
   rN+:       It protects you from negative energy.
Jewellery
 a - a +6 ring of dexterity (right hand)
 h - an amulet of reflection (around neck)
 k - a +5 ring of evasion (left hand)
Wands
 c - a wand of paralysis (26)
 r - a wand of mindburst (7)
 s - a wand of iceblast (2)
 v - a wand of light (6)
 z - a wand of polymorph (6)
Potions
 b - 2 potions of enlightenment
 d - 5 potions of curing
 e - 2 potions of magic
 f - 5 potions of haste
 i - a potion of might
 p - a potion of mutation
 t - 2 potions of cancellation

Dungeon Overview and Level Annotations

Branches:
Dungeon (14/15)            Temple (1/1) D:5            Lair (5/5) D:10
 Shoals (0/4) Lair:2       Spider (0/4) Lair:2        Slime (0/5) Lair:5
    Orc (0/2) D:9          Vaults (0/5) D:14

Altars:
Ashenzari
Cheibriados
Dithmenos
Elyvilon
Fedhas
Gozag
Hepliaklqana
Kikubaaqudgha
Makhleb
Nemelex Xobeh
Okawaru
Qazlal
Ru
Sif Muna
Trog
Uskayaw
Vehumet
Wu Jian
Xom
Yredelemnul
Zin
The Shining One
Jiyva

Shops:
D:5 :   D:10 =   D:12 :

Annotations:
D:4 1 runed translucent door, Crazy Yiuf
D:12 2 transporters, Nissa's ghost, journeyman MiFi
D:13 3 runed translucent doors, qw's ghost, journeyman GrHu
Lair:1 3 runed translucent doors, qw's ghost, novice GrHu
Lair:4 2 transporters


Message History

The slime creature is heavily wounded.
The large slime creature completely misses you.
A brown ugly thing comes into view.
Enter note:
Enter note:
Enter note:
Enter note:
17896 ||| RETREEEEATING.
A large slime creature splits.
You shoot an arrow. The arrow hits the slime creature.
The slime creature is heavily wounded.
The slime creature hits you but does no damage.
Two slime creatures merge to form a large slime creature.
You shoot an arrow.
The arrow hits the large slime creature!!
The large slime creature is severely wounded.
You shoot an arrow.
The arrow hits the large slime creature!!
The large slime creature is almost dead.
Two slime creatures merge to form a very large slime creature.
You shoot an arrow.
The arrow hits the very large slime creature!
The very large slime creature is severely wounded.
You shoot an arrow.
The arrow hits the very large slime creature.
The very large slime creature is almost dead.
You block the very large slime creature's attack.
You shoot an arrow.
The arrow hits the very large slime creature!!
The very large slime creature is almost dead.
You hear a horrible gurgling sound!
The very large slime creature hits you!!!
Ouch! That really hurt!
A brown ugly thing comes into view.
You shoot an arrow. The brown ugly thing gurgles horribly!
The arrow hits the very large slime creature but does no damage.
The very large slime creature is almost dead.
The very large slime creature hits you!!!
You die...

#..... #..... # #..... #
#..... # #..... # #.....
#
.#.....##################
.u....uJ@>...............
.###.#.##..##....########
##.#..!.###)...# #
........###....# #
##..#.#........# ###
##.#.###......# #..
#.#.####.....# ##)#
#...#....)...# #).#
##.........# ###>##


You could see 2 ugly things and a very large slime creature.

Vanquished Creatures
  3 hydras
  8 vault guards (D:14)
  4 centaur warriors
  3 catoblepae
  3 boulder beetles
  A two-headed ogre (D:11)
  14 death yaks
  A tengu warrior (D:13)
  2 skysharks (Lair:4)
  Pikel (D:4)
  2 lindwurms
  3 deep elf pyromancers
  2 manticores
  4 cyclopes
  5 ugly things
  Maurice (D:11)
  9 elephants
  3 meliai (D:12)
  7 black mambas
  A torpor snail (Lair:4)
  Joseph (D:9)
  11 cane toads
  8 gargoyles
  4 komodo dragons
  2 unseen horrors
  Maggie (D:7)
  4 rime drakes
  A tengu conjurer (D:13)
  A queen bee (D:12)
  Prince Ribbit (D:6)
  7 trolls
  9 polar bears
  6 hornets
  3 blink frogs (Lair:5)
  A blink frog (shapeshifter) (D:13)
  12 slime creatures
  3 jumping spiders (Lair:2)
  A dream sheep (Lair:5)
  31 yaks
  2 culicivoras (Lair:2)
  2 shadows
  2 vampires
  12 spriggans (Lair:5)
  Eustachio (D:4)
  Sigmund (D:6)
  8 wyverns
  A wraith (D:9)
  4 humans (D:14)
  3 steam dragons
  6 basilisks
  A redback (Lair:2)
  4 acid dragons
  9 water moccasins
  Edmund (D:6)
  Duvessa (D:6)
  7 orc warriors
  9 black bears
  3 ice beasts
  20 wolves (Lair:5)
  An ogre (D:3)
  4 boggarts (Lair:5)
  12 centaurs
  A lemure (D:4)
  4 phantoms
  2 kobold brigands (D:9)
  8 bullfrogs
  4 wights (D:9)
  Dowan (D:6)
  A hornet simulacrum (D:14)
  26 killer bees
  3 electric eels
  2 howler monkeys (D:7)
  A bombardier beetle (D:7)
  4 hounds
  11 orc priests
  2 sleepcaps
  5 jellies
  2 iguanas (D:6)
  19 orc wizards
  9 hell rats (Lair:4)
  3 gnolls (D:2)
  11 adders
  A shadow imp (D:6)
  13 white imps
  A dart slug (D:3)
  50 orcs
  3 ball pythons
  3 bats
  3 endoplasms
  2 giant cockroaches (D:2)
  5 goblins
  5 hobgoblins
  7 quokkas
  5 frilled lizards
  14 kobolds
  7 rats
536 creatures vanquished.

Vanquished Creatures (others)
  A basilisk (Lair:4)
1 creature vanquished.

Grand Total: 537 creatures vanquished

Notes
Turn   | Place    | Note
-------+----------+-------------------------------------------
     0 | D:1      | qw the Gargoyle Hunter began the quest for the Orb.
     0 | D:1      | Reached XP level 1. HP: 12/12 MP: 1/1
     0 | D:1      | 0 ||| qw: Version: 0.3-a-132-g3d54051
     0 | D:1      | 0 ||| qw: Game counter: 350
     0 | D:1      | 0 ||| qw: Melee chars always use a shield: true
     0 | D:1      | 0 ||| qw: God list: Okawaru
     0 | D:1      | 0 ||| qw: Allow faded altars: false
     0 | D:1      | 0 ||| qw: Do Orc after clearing Dungeon:15 true
     0 | D:1      | 0 ||| qw: Do second Lair branch before Depths: true
     0 | D:1      | 0 ||| qw: Lair rune preference: random
     0 | D:1      | 0 ||| qw: Goals: Normal
     0 | D:1      | 0 ||| PLANNING D:1-11
    88 | D:1      | Reached XP level 2. HP: 14/17 MP: 2/2
   374 | D:1      | Found a faded altar of an unknown god.
   526 | D:1      | 526 ||| READING scroll labelled ZADOPU EDDE.
   526 | D:1      | 526 ||| BRANDING +0 shortbow.
   527 | D:1      | 527 ||| READING scroll labelled RUD VEIFOFI.
   527 | D:1      | 527 ||| IDENTIFYING fizzy brown potion
   528 | D:1      | 528 ||| DROPPING scroll of butterflies.
   529 | D:1      | 529 ||| DROPPING potion of magic.
   573 | D:2      | Reached skill level 5 in Ranged Weapons
   573 | D:2      | Reached XP level 3. HP: 21/21 MP: 3/3
   637 | D:2      | Reached skill level 3 in Fighting
   637 | D:2      | 637 ||| FLEEEEING.
   691 | D:2      | Reached XP level 4. HP: 28/28 MP: 4/4
   946 | D:2      | Reached XP level 5. HP: 32/32 MP: 5/5
   955 | D:2      | 955 ||| FLEEEEING.
   964 | D:2      | 964 ||| STAIRDANCE
   984 | D:1      | 984 ||| READING scroll labelled KUOSAZ HEUFAGO.
  1085 | D:1      | 1085 ||| READING scroll labelled YTSIHI ENOC.
  1086 | D:1      | 1086 ||| READING scroll labelled TOBUOH USHENEIC.
  1086 | D:1      | 1086 ||| ENCHANTING +0 shortbow of freezing.
  1087 | D:1      | 1087 ||| READING scroll labelled CEOPOH FAPO.
  1501 | D:2      | 1501 ||| UPGRADING to amulet of guardian spirit.
  1535 | D:3      | Reached skill level 6 in Ranged Weapons
  1535 | D:3      | 1535 ||| STAIRDANCE
  1859 | D:3      | Noticed an ogre
  1866 | D:3      | Killed an ogre
  1867 | D:3      | Reached XP level 6. HP: 15/40 MP: 2/6
  1904 | D:3      | 1904 ||| FLEEEEING.
  2341 | D:3      | 2341 ||| UPGRADING to +0 ring mail.
  2351 | D:3      | 2351 ||| DROPPING +0 leather armour.
  2352 | D:3      | 2352 ||| UPGRADING to +0 helmet.
  2357 | D:3      | 2357 ||| READING scroll of identify.
  2357 | D:3      | 2357 ||| IDENTIFYING pink potion
  2358 | D:3      | 2358 ||| READING scroll labelled DEERRY BADA.
  2359 | D:3      | 2359 ||| READING 2 scrolls labelled CUASYZXIPLU.
  2360 | D:3      | 2360 ||| READING scroll labelled NIWKONTO JAON.
  2360 | D:3      | 2360 ||| ENCHANTING +0 shortbow of freezing.
  2361 | D:3      | 2361 ||| DROPPING scroll of immolation.
  2576 | D:4      | Reached skill level 1 in Armour
  2786 | D:4      | Found a radiant altar of Vehumet.
  2810 | D:4      | 2810 ||| FLEEEEING.
  2878 | D:4      | Noticed Eustachio
  2892 | D:4      | Killed Eustachio
  2893 | D:4      | Reached skill level 7 in Ranged Weapons
  2893 | D:4      | Reached XP level 7. HP: 35/44 MP: 4/7
  2893 | D:4      | 2893 ||| FLEEEEING.
  2931 | D:4      | Noticed Pikel
  2932 | D:4      | 2932 ||| RETREEEEATING.
  2934 | D:4      | 2934 ||| RETREEEEATING.
  2936 | D:4      | 2936 ||| RETREEEEATING.
  2938 | D:4      | 2938 ||| RETREEEEATING.
  2939 | D:4      | 2939 ||| RETREEEEATING.
  2940 | D:4      | 2940 ||| RETREEEEATING.
  2941 | D:4      | 2941 ||| RETREEEEATING.
  2942 | D:4      | 2942 ||| RETREEEEATING.
  2970 | D:4      | Killed Pikel
  2971 | D:4      | Reached skill level 9 in Ranged Weapons
  2971 | D:4      | Reached XP level 8. HP: 19/48 MP: 1/8
  2971 | D:4      | 2971 ||| FLEEEEING.
  3029 | D:4      | 3029 ||| FLEEEEING.
  3341 | D:4      | Found a runed translucent door.
  3342 | D:4      | Noticed Crazy Yiuf
  3507 | D:4      | 3507 ||| DRINKING 2 orange potions.
  3508 | D:4      | 3508 ||| DRINKING 2 viscous black potions.
  3509 | D:4      | 3509 ||| DROPPING potion of attraction.
  3538 | D:5      | Entered Level 5 of the Dungeon
  3553 | D:5      | Found a staircase to the Ecumenical Temple.
  3554 | D:5      | 3554 ||| PLANNING TEMPLE
  3561 | Temple   | Entered the Ecumenical Temple
  3562 | Temple   | 3562 ||| PLANNING OKAWARU WORSHIP
  3571 | Temple   | Became a worshipper of Warmaster Okawaru
  3572 | Temple   | 3572 ||| PLANNING D:1-11
  3572 | Temple   | 3572 ||| REMOVING amulet of guardian spirit.
  3577 | Temple   | 3577 ||| DROPPING amulet of guardian spirit.
  3766 | D:5      | 3766 ||| READING scroll of enchant weapon.
  3766 | D:5      | 3766 ||| ENCHANTING +1 shortbow of freezing.
  3907 | D:5      | Found Bygg's Self-Improvement Boutique.
  4008 | D:5      | 4008 ||| UPGRADING to ring of see invisible.
  4009 | D:5      | 4009 ||| READING scroll labelled IKHUOS AVAJAV.
  4009 | D:5      | Identified a scroll of acquirement
  4009 | D:5      | 4009 ||| ACQUIRING +4 arbalest of Vulyrr {flame, Fly rCorr
                  | MP+9 Int+4}
  4009 | D:5      | Acquired the +4 arbalest of Vulyrr {flame, Fly rCorr MP+9
                  | Int+4}
  4011 | D:5      | 4011 ||| SWAPPING to +4 arbalest of Vulyrr {flame, Fly
                  | rCorr MP+9 Int+4}.
  4012 | D:5      | 4012 ||| FLEEEEING.
  4072 | D:5      | 4072 ||| DROPPING +2 shortbow of freezing.
  4105 | D:6      | 4105 ||| STAIRDANCE
  4107 | D:5      | 4107 ||| FLEEEEING.
  4164 | D:6      | 4164 ||| FLEEEEING.
  4165 | D:6      | 4165 ||| STAIRDANCE
  4202 | D:6      | 4202 ||| STAIRDANCE
  4204 | D:5      | 4204 ||| FLEEEEING.
  4270 | D:6      | Reached skill level 6 in Fighting
  4323 | D:6      | Found a burning altar of Makhleb.
  4334 | D:6      | Noticed Duvessa
  4334 | D:6      | Noticed Dowan
  4337 | D:6      | 4337 ||| FLEEEEING.
  4338 | D:6      | 4338 ||| FLEEEEING.
  4339 | D:6      | 4339 ||| FLEEEEING.
  4340 | D:6      | 4340 ||| FLEEEEING.
  4341 | D:6      | 4341 ||| FLEEEEING.
  4342 | D:6      | 4342 ||| FLEEEEING.
  4344 | D:6      | 4344 ||| FLEEEEING.
  4349 | D:6      | Killed Duvessa
  4349 | D:6      | Reached * piety under Okawaru
  4351 | D:6      | 4351 ||| INVOKING Heroism.
  4352 | D:6      | 4352 ||| INVOKING Heroism.
  4358 | D:6      | Killed Dowan
  4359 | D:6      | Reached skill level 10 in Ranged Weapons
  4410 | D:6      | Reached XP level 9. HP: 51/56 MP: 9/9
  4442 | D:6      | Reached skill level 1 in Invocations
  4443 | D:6      | 4443 ||| FLEEEEING.
  4467 | D:6      | Noticed Sigmund
  4471 | D:6      | 4471 ||| DRINKING cyan potion.
  4472 | D:6      | 4472 ||| DRINKING murky cyan potion.
  4475 | D:6      | Killed Sigmund
  4544 | D:6      | Reached skill level 3 in Invocations
  4576 | D:6      | 4576 ||| UPGRADING to +2 leather armour of fire resistance.
  4594 | D:6      | 4594 ||| DROPPING +0 ring mail.
  4619 | D:6      | Noticed Prince Ribbit
  4620 | D:6      | 4620 ||| INVOKING Heroism.
  4623 | D:6      | Killed Prince Ribbit
  4640 | D:6      | Noticed Edmund
  4643 | D:6      | Killed Edmund
  4644 | D:6      | Reached skill level 3 in Dodging
  4819 | D:6      | 4819 ||| READING scroll of identify.
  4819 | D:6      | 4819 ||| IDENTIFYING murky dark potion
  4820 | D:6      | 4820 ||| DROPPING potion of lignification.
  4867 | D:7      | Reached ** piety under Okawaru
  4889 | D:7      | 4889 ||| DRINKING lumpy clear potion.
  4890 | D:7      | 4890 ||| DRINKING dark potion.
  4895 | D:7      | Reached skill level 11 in Ranged Weapons
  4908 | D:7      | HP: 14/57 [orc/+0 dagger (3)]
  4909 | D:7      | 4909 ||| DRINKING potion of heal wounds.
  4923 | D:7      | HP: 14/57 [orc/+0 dagger (2)]
  4927 | D:7      | HP: 5/57 [orc wizard/magic dart (6)]
  4933 | D:7      | HP: 2/57 [orc/+0 dagger (4)]
  4997 | D:7      | 4997 ||| FLEEEEING.
  5007 | D:7      | 5007 ||| STAIRDANCE
  5127 | D:6      | 5127 ||| READING scroll labelled BAF ZOIBUULLECAHAR.
  5244 | D:7      | Identified the +0 leather armour of Winter {^Contam rN+
                  | Int+6 Stlth+}
  5256 | D:7      | Found a broken altar of Ashenzari.
  5256 | D:7      | Found a stormy altar of Qazlal.
  5269 | D:7      | 5269 ||| DROPPING +0 leather armour of Winter {^Contam rN+
                  | Int+6 Stlth+}.
  5277 | D:7      | Reached XP level 10. HP: 64/64 MP: 13/13
  5452 | D:7      | Reached *** piety under Okawaru
  5558 | D:7      | Noticed Maggie
  5559 | D:7      | 5559 ||| INVOKING Heroism.
  5563 | D:7      | Killed Maggie
  5576 | D:7      | 5576 ||| UPGRADING to +6 ring of dexterity.
  6211 | D:8      | Noticed a gargoyle
  6212 | D:8      | 6212 ||| INVOKING Heroism.
  6213 | D:8      | Killed a gargoyle
  6214 | D:8      | Reached skill level 12 in Ranged Weapons
  6223 | D:8      | Noticed a gargoyle
  6226 | D:8      | Killed a gargoyle
  6237 | D:8      | Noticed a gargoyle
  6238 | D:8      | 6238 ||| INVOKING Heroism.
  6241 | D:8      | Killed a gargoyle
  6251 | D:8      | Noticed a gargoyle
  6253 | D:8      | Killed a gargoyle
  6253 | D:8      | Reached **** piety under Okawaru
  6255 | D:8      | Noticed a gargoyle
  6256 | D:8      | Killed a gargoyle
  6262 | D:8      | Noticed a gargoyle
  6265 | D:8      | 6265 ||| INVOKING Finesse.
  6270 | D:8      | Killed a gargoyle
  6333 | D:9      | 6333 ||| FLEEEEING.
  6338 | D:9      | 6338 ||| STAIRDANCE
  6387 | D:9      | Identified the +3 mace of the Sage {speed, Will++}
  6417 | D:9      | HP: 11/64 [orc warrior/+0 glaive (19)]
  6418 | D:9      | 6418 ||| DRINKING potion of heal wounds.
  6425 | D:9      | Reached XP level 11. HP: 35/68 MP: 15/15
  6425 | D:9      | 6425 ||| FLEEEEING.
  6561 | D:9      | Found a staircase to the Orcish Mines.
  6594 | D:9      | Noticed Joseph
  6603 | D:9      | Killed Joseph
  6604 | D:9      | Reached skill level 6 in Invocations
  6604 | D:9      | 6604 ||| FLEEEEING.
  6606 | D:9      | 6606 ||| STAIRDANCE
  6902 | D:9      | You are sucked into a shaft and drop 2 floors!
  6918 | D:11     | Reached skill level 13 in Ranged Weapons
  6921 | D:11     | Noticed a boulder beetle
  6922 | D:11     | 6922 ||| INVOKING Finesse.
  6944 | D:11     | Killed a boulder beetle
  7052 | D:11     | Noticed Maurice
  7053 | D:11     | 7053 ||| INVOKING Finesse.
  7063 | D:11     | Killed Maurice
  7157 | D:11     | 7157 ||| UPGRADING to +0 pair of boots.
  7162 | D:11     | 7162 ||| UPGRADING to +0 cloak of stealth.
  7167 | D:11     | 7167 ||| READING 4 scrolls of identify.
  7167 | D:11     | 7167 ||| IDENTIFYING scroll labelled DYOCYPNULUYR
  7168 | D:11     | 7168 ||| DROPPING scroll of amnesia.
  7176 | D:10     | Entered Level 10 of the Dungeon
  7204 | D:10     | 7204 ||| DROPPING +3 leather armour.
  7208 | D:10     | 7208 ||| RETREEEEATING.
  7209 | D:10     | 7209 ||| RETREEEEATING.
  7210 | D:10     | 7210 ||| RETREEEEATING.
  7211 | D:10     | 7211 ||| RETREEEEATING.
  7217 | D:10     | Reached skill level 3 in Armour
  7271 | D:10     | Reached skill level 9 in Fighting
  7274 | D:10     | Found a staircase to the Lair.
  7371 | D:10     | Found Qepleere's Jewellery Emporium.
  7376 | D:10     | 7376 ||| BUYING +4 ring of protection (432 gold).
  7376 | D:10     | Bought a +4 ring of protection for 432 gold pieces
  7376 | D:10     | 7376 ||| SHOPLISTING +5 ring of evasion (432 gold, have
                  | 303).
  7376 | D:10     | 7376 ||| SHOPLISTING +6 ring of dexterity (432 gold, have
                  | 303).
  7376 | D:10     | 7376 ||| SHOPLISTING amulet of reflection (360 gold, have
                  | 303).
  7422 | D:10     | Reached ***** piety under Okawaru
  7489 | D:10     | 7489 ||| DROPPING ring of willpower.
  7490 | D:10     | 7490 ||| DROPPING ring of ice.
  7491 | D:10     | 7491 ||| READING 3 scrolls of identify.
  7491 | D:10     | 7491 ||| IDENTIFYING scroll labelled LEEPAF BEIHE
  7492 | D:10     | 7492 ||| DROPPING scroll of fear.
  7498 | D:10     | 7498 ||| RETREEEEATING.
  7499 | D:10     | 7499 ||| RETREEEEATING.
  7500 | D:10     | 7500 ||| RETREEEEATING.
  7501 | D:10     | 7501 ||| INVOKING Finesse.
  7519 | D:10     | Reached skill level 9 in Invocations
  7996 | D:9      | 7996 ||| FLEEEEING.
  8013 | D:9      | Found a hide-covered altar of Uskayaw.
  8050 | D:9      | 8050 ||| PLANNING LAIR
  8050 | D:9      | 8050 ||| READING 3 scrolls of identify.
  8050 | D:9      | 8050 ||| IDENTIFYING white potion
  8051 | D:9      | 8051 ||| READING 2 scrolls of identify.
  8051 | D:9      | 8051 ||| IDENTIFYING fizzy silvery potion
  8052 | D:9      | 8052 ||| READING scroll of identify.
  8052 | D:9      | 8052 ||| IDENTIFYING scroll labelled TUG HYHELOTEG
  8053 | D:9      | 8053 ||| DROPPING scroll of revelation.
  8054 | D:9      | 8054 ||| DROPPING potion of berserk rage.
  8129 | Lair:1   | Entered Level 1 of the Lair of Beasts
  8133 | Lair:1   | Found a runed translucent gate.
  8133 | Lair:1   | Noticed qw's ghost (novice GrHu)
  8134 | Lair:1   | Found a runed translucent gate.
  8134 | Lair:1   | Found a runed translucent gate.
  8136 | Lair:1   | Noticed a great orb of eyes
  8156 | Lair:1   | Reached XP level 12. HP: 76/76 MP: 19/19
  8211 | Lair:1   | Noticed a catoblepas
  8212 | Lair:1   | 8212 ||| INVOKING Finesse.
  8215 | Lair:1   | Killed a catoblepas
  8216 | Lair:1   | Reached skill level 14 in Ranged Weapons
  8753 | Lair:1   | Found a viscous altar of Jiyva.
  8800 | Lair:1   | 8800 ||| READING scroll labelled RUK HUABARPH.
  8868 | Lair:2   | Noticed a death yak
  8869 | Lair:2   | 8869 ||| INVOKING Finesse.
  8869 | Lair:2   | Noticed a death yak
  8869 | Lair:2   | Noticed a death yak
  8871 | Lair:2   | Noticed a death yak
  8872 | Lair:2   | 8872 ||| RETREEEEATING.
  8874 | Lair:2   | Noticed a death yak
  8881 | Lair:2   | Killed a death yak
  8883 | Lair:2   | Killed a death yak
  8883 | Lair:2   | Received a gift from Okawaru
  8885 | Lair:2   | Killed a death yak
  8891 | Lair:2   | Killed a death yak
  8892 | Lair:2   | Reached skill level 6 in Dodging
  8898 | Lair:2   | Killed a death yak
  8977 | Lair:2   | Found a hole to the Spider Nest.
  9064 | Lair:2   | Received a gift from Okawaru
  9167 | Lair:2   | Reached skill level 15 in Ranged Weapons
  9167 | Lair:2   | 9167 ||| FLEEEEING.
  9262 | Lair:2   | 9262 ||| FLEEEEING.
  9317 | Lair:2   | 9317 ||| FLEEEEING.
  9377 | Lair:2   | Noticed a six-headed hydra
  9378 | Lair:2   | 9378 ||| INVOKING Finesse.
  9381 | Lair:2   | Killed a six-headed hydra
  9477 | Lair:2   | 9477 ||| FLEEEEING.
  9556 | Lair:2   | Reached XP level 13. HP: 38/82 MP: 20/20
  9773 | Lair:2   | 9773 ||| FLEEEEING.
  9920 | Lair:2   | 9920 ||| FLEEEEING.
 10258 | Lair:2   | Found a staircase to the Shoals.
 10281 | Lair:2   | Reached skill level 16 in Ranged Weapons
 10283 | Lair:2   | 10283 ||| UPGRADING to amulet of regeneration.
 10288 | Lair:2   | 10288 ||| READING scroll of identify.
 10288 | Lair:2   | 10288 ||| IDENTIFYING scroll labelled IKHUIPE VUCVUL
 10289 | Lair:2   | 10289 ||| DROPPING scroll of torment.
 10327 | Lair:3   | Received a gift from Okawaru
 10393 | Lair:3   | 10393 ||| RETREEEEATING.
 10394 | Lair:3   | 10394 ||| RETREEEEATING.
 10395 | Lair:3   | 10395 ||| RETREEEEATING.
 10396 | Lair:3   | 10396 ||| RETREEEEATING.
 10397 | Lair:3   | 10397 ||| RETREEEEATING.
 10398 | Lair:3   | 10398 ||| RETREEEEATING.
 10399 | Lair:3   | 10399 ||| RETREEEEATING.
 10403 | Lair:3   | 10403 ||| RETREEEEATING.
 10404 | Lair:3   | 10404 ||| RETREEEEATING.
 10405 | Lair:3   | 10405 ||| RETREEEEATING.
 10406 | Lair:3   | 10406 ||| RETREEEEATING.
 10409 | Lair:3   | 10409 ||| INVOKING Finesse.
 10412 | Lair:3   | HP: 18/83 [death yak (17)]
 10413 | Lair:3   | 10413 ||| READING 2 scrolls of teleportation.
 10414 | Lair:3   | 10414 ||| DRINKING potion of heal wounds.
 10417 | Lair:3   | 10417 ||| UPGRADING to +1 pair of gloves.
 10428 | Lair:3   | 10428 ||| FLEEEEING.
 10429 | Lair:3   | 10429 ||| FLEEEEING.
 10430 | Lair:3   | 10430 ||| FLEEEEING.
 10438 | Lair:3   | 10438 ||| INVOKING Heroism.
 10548 | Lair:3   | Identified the +7 spear "Peucven" {speed, rCorr SInv}
 10563 | Lair:3   | 10563 ||| RETREEEEATING.
 10572 | Lair:3   | 10572 ||| RETREEEEATING.
 10573 | Lair:3   | 10573 ||| RETREEEEATING.
 10574 | Lair:3   | 10574 ||| RETREEEEATING.
 10575 | Lair:3   | 10575 ||| RETREEEEATING.
 10818 | Lair:3   | 10818 ||| FLEEEEING.
 10856 | Lair:3   | Received a gift from Okawaru
 11001 | Lair:4   | 11001 ||| STAIRDANCE
 11007 | Lair:4   | 11007 ||| STAIRDANCE
 11023 | Lair:4   | 11023 ||| STAIRDANCE
 11028 | Lair:4   | 11028 ||| STAIRDANCE
 11042 | Lair:4   | 11042 ||| STAIRDANCE
 11193 | Lair:4   | Found a transporter.
 11252 | Lair:4   | Reached ****** piety under Okawaru
 11253 | Lair:4   | 11253 ||| INVOKING Receive Weapon.
 11253 | Lair:4   | 11253 ||| ACQUIRING +8 arbalest of the Shifting Asp
                  | {freeze, Int+6}
 11253 | Lair:4   | Acquired the +8 arbalest of the Shifting Asp {freeze,
                  | Int+6}
 11253 | Lair:4   | Received a gift from Okawaru
 11254 | Lair:4   | 11254 ||| INVOKING Receive Armour.
 11254 | Lair:4   | 11254 ||| ACQUIRING scarf of Compassion {+Inv, rN+ Int+2
                  | Dex+3}
 11254 | Lair:4   | Acquired the scarf of Compassion {+Inv, rN+ Int+2 Dex+3}
 11254 | Lair:4   | Received a gift from Okawaru
 11261 | Lair:4   | 11261 ||| RETREEEEATING.
 11263 | Lair:4   | 11263 ||| RETREEEEATING.
 11267 | Lair:4   | 11267 ||| RETREEEEATING.
 11268 | Lair:4   | 11268 ||| RETREEEEATING.
 11286 | Lair:4   | Reached skill level 17 in Ranged Weapons
 11294 | Lair:4   | 11294 ||| FLEEEEING.
 11295 | Lair:4   | 11295 ||| FLEEEEING.
 11298 | Lair:4   | 11298 ||| FLEEEEING.
 11299 | Lair:4   | 11299 ||| FLEEEEING.
 11300 | Lair:4   | 11300 ||| FLEEEEING.
 11301 | Lair:4   | 11301 ||| FLEEEEING.
 11302 | Lair:4   | 11302 ||| FLEEEEING.
 11303 | Lair:4   | 11303 ||| STAIRDANCE
 11344 | Lair:3   | 11344 ||| UPGRADING to scarf of Compassion {+Inv, rN+ Int+2
                  | Dex+3}.
 11354 | Lair:3   | 11354 ||| DROPPING +0 cloak of stealth.
 11365 | Lair:4   | 11365 ||| INVOKING Finesse.
 11366 | Lair:4   | 11366 ||| INVOKING Heroism.
 11475 | Lair:4   | 11475 ||| RETREEEEATING.
 11486 | Lair:4   | Received a gift from Okawaru
 11594 | Lair:4   | Found a transporter.
 11621 | Lair:4   | 11621 ||| INVOKING Finesse.
 12004 | Lair:4   | Gained mutation: Your large and strong wings let you fly.
                  | [Gargoyle growth]
 12004 | Lair:4   | Reached XP level 14. HP: 90/90 MP: 21/21
 12004 | Lair:4   | 12004 ||| SWAPPING to +0 longbow.
 12030 | Lair:4   | 12030 ||| FLEEEEING.
 12084 | Lair:4   | 12084 ||| DROPPING +4 arbalest of Vulyrr {flame, Fly rCorr
                  | MP+9 Int+4}.
 12085 | Lair:4   | 12085 ||| READING scroll of enchant weapon.
 12085 | Lair:4   | 12085 ||| ENCHANTING +0 longbow.
 12288 | Lair:5   | Entered Level 5 of the Lair of Beasts
 12289 | Lair:5   | 12289 ||| STAIRDANCE
 12293 | Lair:5   | 12293 ||| STAIRDANCE
 12307 | Lair:4   | 12307 ||| FLEEEEING.
 12328 | Lair:5   | 12328 ||| STAIRDANCE
 12330 | Lair:4   | 12330 ||| INVOKING Finesse.
 12385 | Lair:5   | 12385 ||| RETREEEEATING.
 12386 | Lair:5   | 12386 ||| RETREEEEATING.
 12389 | Lair:5   | 12389 ||| RETREEEEATING.
 12390 | Lair:5   | 12390 ||| RETREEEEATING.
 12391 | Lair:5   | 12391 ||| RETREEEEATING.
 12392 | Lair:5   | 12392 ||| RETREEEEATING.
 12393 | Lair:5   | 12393 ||| RETREEEEATING.
 12394 | Lair:5   | 12394 ||| RETREEEEATING.
 12400 | Lair:5   | 12400 ||| RETREEEEATING.
 12401 | Lair:5   | 12401 ||| RETREEEEATING.
 12417 | Lair:5   | 12417 ||| FLEEEEING.
 12474 | Lair:5   | 12474 ||| FLEEEEING.
 12475 | Lair:5   | 12475 ||| FLEEEEING.
 12486 | Lair:5   | Found a frozen archway.
 12546 | Lair:5   | 12546 ||| RETREEEEATING.
 12548 | Lair:5   | 12548 ||| RETREEEEATING.
 12553 | Lair:5   | 12553 ||| RETREEEEATING.
 12554 | Lair:5   | 12554 ||| RETREEEEATING.
 12555 | Lair:5   | 12555 ||| RETREEEEATING.
 12556 | Lair:5   | 12556 ||| RETREEEEATING.
 12557 | Lair:5   | 12557 ||| RETREEEEATING.
 12558 | Lair:5   | 12558 ||| RETREEEEATING.
 12581 | Lair:5   | Received a gift from Okawaru
 12611 | Lair:5   | 12611 ||| INVOKING Finesse.
 12612 | Lair:5   | 12612 ||| INVOKING Heroism.
 12651 | Lair:5   | Reached skill level 18 in Ranged Weapons
 12759 | Lair:5   | 12759 ||| RETREEEEATING.
 12801 | Lair:5   | HP: 17/90 [spriggan rider/+0 spear (7)]
 12802 | Lair:5   | 12802 ||| READING scroll of teleportation.
 12922 | Lair:5   | Found a staircase to the Slime Pits.
 13022 | Lair:5   | Reached skill level 12 in Fighting
 13062 | Lair:5   | 13062 ||| INVOKING Finesse.
 13063 | Lair:5   | 13063 ||| INVOKING Heroism.
 13109 | Lair:5   | 13109 ||| FLEEEEING.
 13755 | Lair:5   | 13755 ||| PLANNING D:1-11
 13755 | Lair:5   | 13755 ||| DROPPING +1 cloak.
 13904 | D:10     | 13904 ||| READING scroll of acquirement.
 13904 | D:10     | 13904 ||| ACQUIRING amulet of reflection
 13904 | D:10     | Acquired an amulet of reflection
 13906 | D:10     | 13906 ||| UPGRADING to amulet of reflection.
 13984 | D:10     | Found a shimmering blue altar of Sif Muna.
 14347 | D:10     | 14347 ||| DROPPING amulet of regeneration.
 14370 | D:11     | 14370 ||| STAIRDANCE
 14382 | D:11     | 14382 ||| STAIRDANCE
 14404 | D:11     | 14404 ||| STAIRDANCE
 14410 | D:11     | 14410 ||| STAIRDANCE
 14418 | D:10     | 14418 ||| FLEEEEING.
 14491 | D:11     | 14491 ||| STAIRDANCE
 14700 | D:11     | 14700 ||| PLANNING D
 14700 | D:11     | 14700 ||| UPGRADING to +5 ring of evasion.
 14702 | D:11     | 14702 ||| DROPPING +4 ring of protection.
 14703 | D:11     | 14703 ||| DROPPING ring of see invisible.
 14732 | D:12     | 14732 ||| STAIRDANCE
 14739 | D:12     | 14739 ||| STAIRDANCE
 14767 | D:12     | 14767 ||| STAIRDANCE
 14878 | D:12     | 14878 ||| RETREEEEATING.
 14883 | D:12     | 14883 ||| RETREEEEATING.
 14885 | D:12     | 14885 ||| RETREEEEATING.
 14906 | D:12     | 14906 ||| FLEEEEING.
 14931 | D:12     | Received a gift from Okawaru
 14967 | D:12     | 14967 ||| RETREEEEATING.
 14969 | D:12     | 14969 ||| RETREEEEATING.
 14970 | D:12     | 14970 ||| RETREEEEATING.
 14971 | D:12     | 14971 ||| RETREEEEATING.
 14972 | D:12     | 14972 ||| RETREEEEATING.
 14973 | D:12     | 14973 ||| RETREEEEATING.
 14974 | D:12     | 14974 ||| RETREEEEATING.
 15035 | D:12     | Reached skill level 19 in Ranged Weapons
 15161 | D:12     | Found a transporter.
 15254 | D:12     | Found a transporter.
 15272 | D:12     | 15272 ||| Stepping randomly (disturbance).
 15273 | D:12     | 15273 ||| Stepping randomly (disturbance).
 15288 | D:12     | 15288 ||| FLEEEEING.
 15294 | D:12     | 15294 ||| Stepping randomly (disturbance).
 15333 | D:12     | Found Ropsyguth's Book Boutique.
 15366 | D:12     | Noticed Nissa's ghost (journeyman MiFi)
 15814 | D:13     | Found a runed translucent gate.
 15814 | D:13     | Found a runed translucent gate.
 15814 | D:13     | Found a runed translucent gate.
 15817 | D:13     | 15817 ||| FLEEEEING.
 15823 | D:13     | 15823 ||| FLEEEEING.
 15824 | D:13     | 15824 ||| FLEEEEING.
 15826 | D:13     | 15826 ||| FLEEEEING.
 15827 | D:13     | 15827 ||| FLEEEEING.
 15830 | D:13     | 15830 ||| FLEEEEING.
 15831 | D:13     | 15831 ||| FLEEEEING.
 15832 | D:13     | 15832 ||| FLEEEEING.
 15897 | D:13     | Noticed qw's ghost (journeyman GrHu)
 15926 | D:13     | Received a gift from Okawaru
 15927 | D:13     | Reached skill level 9 in Dodging
 15927 | D:13     | Reached XP level 15. HP: 76/96 MP: 22/22
 15947 | D:13     | 15947 ||| FLEEEEING.
 16032 | D:13     | Found an iron altar of Okawaru.
 16414 | D:13     | 16414 ||| FLEEEEING.
 16415 | D:13     | 16415 ||| FLEEEEING.
 16416 | D:13     | 16416 ||| FLEEEEING.
 16417 | D:13     | 16417 ||| FLEEEEING.
 16418 | D:13     | 16418 ||| FLEEEEING.
 16419 | D:13     | 16419 ||| FLEEEEING.
 16420 | D:13     | 16420 ||| FLEEEEING.
 16421 | D:13     | 16421 ||| FLEEEEING.
 16422 | D:13     | 16422 ||| FLEEEEING.
 16430 | D:13     | 16430 ||| STAIRDANCE
 16496 | D:12     | 16496 ||| READING 2 scrolls of identify.
 16496 | D:12     | 16496 ||| IDENTIFYING viscous cyan potion
 16497 | D:12     | 16497 ||| READING scroll of identify.
 16497 | D:12     | 16497 ||| IDENTIFYING sapphire potion
 16498 | D:12     | 16498 ||| DRINKING 2 emerald potions.
 16499 | D:12     | 16499 ||| DROPPING potion of degeneration.
 16500 | D:12     | 16500 ||| DROPPING potion of invisibility.
 16608 | D:14     | 16608 ||| STAIRDANCE
 16654 | D:14     | 16654 ||| STAIRDANCE
 16674 | D:13     | 16674 ||| FLEEEEING.
 16859 | D:14     | 16859 ||| STAIRDANCE
 16867 | D:13     | 16867 ||| FLEEEEING.
 17011 | D:14     | 17011 ||| RETREEEEATING.
 17012 | D:14     | 17012 ||| RETREEEEATING.
 17013 | D:14     | 17013 ||| RETREEEEATING.
 17014 | D:14     | 17014 ||| INVOKING Finesse.
 17058 | D:14     | HP: 23/98 [vault guard/+0 war axe (16)]
 17059 | D:14     | 17059 ||| READING 2 scrolls of teleportation.
 17059 | D:14     | HP: 2/98 [vault guard/+3 halberd (21)]
 17060 | D:14     | 17060 ||| DRINKING 2 potions of heal wounds.
 17067 | D:14     | HP: 24/98 [vault guard/+3 halberd (3)]
 17068 | D:14     | 17068 ||| DRINKING potion of heal wounds.
 17068 | D:14     | Found a gate to the Vaults.
 17075 | D:14     | HP: 13/98 [vault guard/+3 great sword (15)]
 17076 | D:14     | 17076 ||| READING scroll of teleportation.
 17079 | D:14     | HP: 4/98 [vault guard/+3 great sword (9)]
 17081 | D:14     | Received a gift from Okawaru
 17088 | D:14     | 17088 ||| FLEEEEING.
 17113 | D:14     | HP: 6/98 [vault guard/+0 bardiche (5)]
 17120 | D:14     | 17120 ||| FLEEEEING.
 17450 | D:14     | 17450 ||| FLEEEEING.
 17452 | D:14     | 17452 ||| FLEEEEING.
 17458 | D:14     | 17458 ||| RETREEEEATING.
 17459 | D:14     | 17459 ||| RETREEEEATING.
 17460 | D:14     | 17460 ||| RETREEEEATING.
 17461 | D:14     | 17461 ||| RETREEEEATING.
 17462 | D:14     | 17462 ||| RETREEEEATING.
 17463 | D:14     | 17463 ||| RETREEEEATING.
 17465 | D:14     | 17465 ||| RETREEEEATING.
 17466 | D:14     | 17466 ||| INVOKING Finesse.
 17489 | D:14     | HP: 14/98 [centaur warrior/arrow (15)]
 17512 | D:14     | 17512 ||| FLEEEEING.
 17608 | D:14     | 17608 ||| FLEEEEING.
 17764 | D:14     | 17764 ||| RETREEEEATING.
 17770 | D:14     | 17770 ||| FLEEEEING.
 17771 | D:14     | 17771 ||| FLEEEEING.
 17772 | D:14     | 17772 ||| FLEEEEING.
 17773 | D:14     | 17773 ||| FLEEEEING.
 17896 | D:14     | 17896 ||| RETREEEEATING.
 17902 | D:14     | HP: 19/98 [very large slime creature (52)]
 17903 | D:14     | Annihilated by a very large slime creature

Levels and vault maps discovered:
D:1:      lightli_arrival_noodles, layout_basic,
          shapermc_ecumenical_altar_hornbeckon, minmay_misc_feat_iff,
          corexii_item_surrounded_by_moat
D:2:      layout_basic, chequers_arboretum
D:3:      layout_basic
D:4:      layout_basic, mainiacjoe_overflow_concentric_impassable, uniq_pikel,
          uniq_crazy_yiuf_cottage, uniq_eustachio
D:5:      layout_cave_pools, minmay_temple_entry_junction_2,
          nicolae_shop_self_help
D:6:      layout_rooms, bloody_makhleb, hangedman_glass_teeth,
          minmay_misc_feat_five, chequers_serial_rivers_micro_d, uniq_sigmund,
          uniq_duvessa, uniq_edmund, uniq_prince_ribbit1
D:7:      layout_rooms, jmf_multi_god_temple, grunt_ministairs_11, hex_tiny,
          uniq_maggie
D:8:      cheibrodos_statue_roulette, layout_loops_ring
D:9:      layout_basic, marbit_many_paths, hiddenorc1_lemuel, uniq_joseph
D:10:     layout_small_grid, hellmonk_sif_muna_bookshelves,
          grunt_lair_entry_orc_guard_hut, minmay_shop_enchanted_jewellery
D:11:     layout_rooms, uniq_maurice
D:12:     layout_roguey [special_room_bee], nzn_ghost_randoct,
          nicolae_inconvenience_store, grunt_ministairs_10
D:13:     layout_gridville, gammafunk_ghost_hydra_chop, okawaru_trees_1
D:14:     layout_rooms, ximxim_vaults_locker_room, grunt_dithmenos_shadows
Temple:   regret_index_temple_sphere_string
Lair:1:   hellmonk_ruined_rings, layout_regular_city, gammafunk_ghost_ooze,
          lemuel_fruit_tree
Lair:2:   layout_long_grid, mainiacjoe_shoals_entry_four_pools,
          nicolae_spider_entry_tight_spaces, serial_bayou_shore_a,
          grunt_megastairs_5
Lair:3:   layout_misc_corridors, serial_bayou_lake_a
Lair:4:   gammafunk_worm_tunnel, layout_cave_pods, special_room
          [special_room_mythical_zoo], grunt_megastairs_4, lemuel_fruit_fields
Lair:5:   minmay_lair_end_enchanted_forest, layout_loops_ring,
          minmay_slime_entry_pillars, portal_ice_cave_entry_imps

Skill      XL: |  1  2  3  4  5  6  7  8  9 10 11 12 13 14 15 |
---------------+----------------------------------------------+-----
Ranged Weapons | 5 6 7 9 10 11 12 13 15 17 19 | 19.8
Fighting       | 3 4 6 8 9 10 11 12 13 | 13.1
Armour         | 1 2 3 4 5 |  5.2
Dodging        | 2 3 5 6 8 9 |  9.1
Invocations    | 4 5 9 10 | 10.0
Stealth        | |  1.1

Action                     |  1- 3 |  4- 6 |  7- 9 | 10-12 | 13-15 || total
---------------------------+-------+-------+-------+-------+-------++-------
   Fire: Shortbow          |    52 |   150 |    62 |       |       ||   264
         Arbalest          |       |       |   138 |   396 |   279 ||   813
         Longbow           |       |       |       |       |   932 ||   932
 Invoke: Heroism           |       |       |     2 |     3 |     4 ||     9
         Finesse           |       |       |       |     7 |     8 ||    15
         Receive Weapon    |       |       |       |       |     1 ||     1
         Receive Armour    |       |       |       |       |     1 ||     1
    Use: Scroll            |     2 |     8 |     4 |     6 |     9 ||    29
         Potion            |       |       |     7 |     1 |     4 ||    12
 Armour: Leather armour    |    17 |    18 |    97 |    99 |   378 ||   609
         Ring mail         |       |    17 |    56 |       |       ||    73
  Dodge: Dodged            |    11 |    32 |   148 |   129 |   599 ||   919
  Block: Other             |       |       |       |       |    57 ||    57
         Reflection        |       |       |       |       |    11 ||    11

Table legend:
 A = Non-vault XP
 B = Vault XP
 C = Vault XP percentage of total XP
 D = Non-vault monster count
 E = Vault monster count
 F = Vault count percentage of total count
                 A         B        C        D         E       F
            +---------+---------+-------+---------+---------+-------
      Total |   66831 |   40487 |  37.7 |     355 |     181 |  33.8
            +---------+---------+-------+---------+---------+-------
        D:1 |      25 |       0 |   0.0 |      16 |       0 |   0.0
        D:2 |     174 |       0 |   0.0 |      27 |       0 |   0.0
        D:3 |     163 |       0 |   0.0 |      14 |       0 |   0.0
        D:4 |     145 |     874 |  85.8 |      10 |       2 |  16.7
        D:5 |     206 |       0 |   0.0 |       6 |       0 |   0.0
        D:6 |    1119 |     864 |  43.6 |      20 |       5 |  20.0
        D:7 |    1015 |     723 |  41.6 |      20 |       8 |  28.6
        D:8 |     803 |    2464 |  75.4 |      14 |       6 |  30.0
        D:9 |    1732 |     842 |  32.7 |      24 |      19 |  44.2
       D:10 |    4620 |    1070 |  18.8 |      37 |       5 |  11.9
       D:11 |    3638 |    1179 |  24.5 |       9 |       6 |  40.0
       D:12 |    3717 |    3273 |  46.8 |      17 |      26 |  60.5
       D:13 |    8777 |       0 |   0.0 |      21 |       0 |   0.0
       D:14 |    7083 |    7736 |  52.2 |      21 |      12 |  36.4
     Lair:1 |    2648 |       0 |   0.0 |       8 |       0 |   0.0
     Lair:2 |    7408 |    6343 |  46.1 |      25 |      13 |  34.2
     Lair:3 |    8776 |       0 |   0.0 |      21 |       0 |   0.0
     Lair:4 |    7953 |    5951 |  42.8 |      26 |      19 |  42.2
     Lair:5 |    6829 |    9168 |  57.3 |      19 |      60 |  75.9
            +---------+---------+-------+---------+---------+-------
